 Dungeon Crawl Stone Soup version 0.31-a0-1042-ga9834b393d (webtiles) character file.

Game seed: 13519162920377939743

105 Maratek the Shield-Bearer (level 4, -1/45 HPs)
             Began as a Troll Fighter on Nov 20, 2023.
             Killed by divine providence
             ... invoked by an orc priest
              (12 damage)
             ... on level 3 of the Dungeon.
             The game lasted 00:01:45 (1446 turns).

Maratek the Shield-Bearer (Troll Fighter)           Turns: 1446, Time: 00:01:47

Health: -1/45      AC:  4    Str: 26    XL:     4   Next: 53%
Magic:  3/3        EV:  9    Int:  4    God:
Gold:   149        SH:  8    Dex:  9    Spells: 3/3 levels left

rFire   . .          .
                       - Unarmed
rCold   . . .        b - +0 kite shield
rNeg    . . .        a - +0 robe
rPois   .            (helmet restricted)
rElec   .            (no cloak)
rCorr   .            (gloves unavailable)
SInv    .            (boots unavailable)
Will    .....        (no amulet)
Stlth   +            (no ring)
HPRegen 1.07/turn    (no ring)
MPRegen 0.08/turn

%: no passive effects
@: no status effects
A: large, unfitting armour, claws 3, regeneration 1, shaggy fur 1, tough skin 1
a: no special abilities


You were on level 3 of the Dungeon.
You visited 1 branch of the dungeon, and saw 3 of its levels.

You collected 149 gold pieces.

Inventory:

Armour
 a - a +0 robe (worn)
 b - a +0 kite shield (worn)
Wands
 h - a wand of flame (3)
Scrolls
 d - a scroll of enchant armour {unknown}
Potions
 c - a potion of might
 e - a potion of lignification
 f - a potion of haste {unknown}
 g - a potion of magic {unknown}
 j - a potion of ambrosia {unknown}


   Skills:
 + Level 3.0 Fighting
 + Level 3.0 Dodging
 + Level 3.3 Shields
 + Level 2.9 Unarmed Combat


You had 3 spell levels left.
You didn't know any spells.
Your spell library contained the following spells:

 Spells                   Type           Power      Damage    Failure   Level
 Kiss of Death            Conj/Necr      0%         2d5       75%         1
 Confusing Touch          Hex            0%         N/A       98%         3
 Dispel Undead            Necr           0%         3d6       100%        4


Dungeon Overview and Level Annotations

Branches:
Dungeon (3/15)

Altars:


Innate Abilities, Weirdness & Mutations

You are too large for most types of armour.
You have claws for hands.
Your natural rate of healing is unusually fast.
You are covered in fur. (AC +1)
You have tough skin. (AC +1)


Message History

The orc priest invokes the aid of Beogh against you.
Beogh smites you!
The orc throws a boomerang.
The boomerang hits you.
An orc comes into view. It is wielding a +0 club.
You scratch the orc.
You kill the orc!
An orc priest comes into view. It is wielding a +0 club.
You scratch the orc.
The orc is moderately wounded.
An orc comes into view. It is wielding a +0 whip.
The orc priest invokes the aid of Beogh against you.
Beogh smites you! The orc barely misses you.
You are too injured to fight recklessly!
You are too injured to fight recklessly!
You are too injured to fight recklessly!
You are too injured to fight recklessly!
You are too injured to fight recklessly!
You are too injured to fight recklessly!
You are too injured to fight recklessly!
You are too injured to fight recklessly!
You are too injured to fight recklessly!
You are too injured to fight recklessly!
You are too injured to fight recklessly!
You are too injured to fight recklessly!
You are too injured to fight recklessly!
You are too injured to fight recklessly!
You are too injured to fight recklessly!
You are too injured to fight recklessly!
You are too injured to fight recklessly!
You claw the orc!
You kill the orc!
You scratch the orc priest but do no damage.
The orc priest hits you with a +0 club.
You claw the orc priest!
The orc priest is severely wounded.
The orc priest invokes the aid of Beogh against you.
Beogh smites you!
* * * LOW HITPOINT WARNING * * *
The orc priest invokes the aid of Beogh against you.
Beogh smites you!
You die...

#.###.###.......#....#
#. #...)...#.#.#.####
# #.###.###.#.#.# ...#
#.# .#...# ...#.# #(#
(##.## ###.#.. ...
.##.# # ### #.######.#
#.#......# #.#@######
#o#


oo# ...# #...# ....# .....# ...#..# You could see 2 orc priests and an orc.

Vanquished Creatures
  Jessica (D:2)
  A gnoll (D:1)
  3 adders
  2 orcs (D:3)
  6 endoplasms
  4 goblins
  3 hobgoblins
  2 jackals (D:1)
  2 quokkas
  5 ball pythons
  3 bats
  2 frilled lizards (D:1)
  2 kobolds
  5 rats
41 creatures vanquished.

Notes
Turn   | Place    | Note
-------+----------+-------------------------------------------
     0 | D:1      | Maratek the Troll Fighter began the quest for the Orb.
     0 | D:1      | Reached XP level 1. HP: 22/22 MP: 0/0
   159 | D:1      | Reached XP level 2. HP: 22/29 MP: 1/1
   358 | D:1      | You fall into a shaft and drop 1 floor!
   386 | D:2      | Reached XP level 3. HP: 36/36 MP: 2/2
   687 | D:2      | Noticed Jessica
   701 | D:2      | Killed Jessica
   702 | D:2      | Reached XP level 4. HP: 17/44 MP: 3/3
  1446 | D:3      | Killed from afar by an orc priest

Illustrated notes

Levels and vault maps discovered:
D:1:      dpeg_arrival_rooms_a, layout_loops_ring
D:2:      layout_rooms, dk_noncrumbling_4, uniq_jessica
D:3:      layout_loops_ring

Skill      XL: |  1  2  3  4 |
---------------+-------------+-----
Shields        | 3 |  3.3
Dodging        | 3 |  3.0
Fighting       | 3 |  3.0
Unarmed Combat | |  2.9

Action                     |  1- 3 |  4- 6 || total
---------------------------+-------+-------++-------
  Melee: Unarmed           |    74 |    38 ||   112
    Use: Scroll            |       |     3 ||     3
 Armour: Robe              |    34 |    21 ||    55
  Dodge: Dodged            |    17 |    20 ||    37
  Block: Kite shield       |    16 |    13 ||    29

Table legend: (Time is in decaauts)
 A = Elapsed time spent in this place.
 B = Non-inter-level travel time spent in this place.
 C = Inter-level travel time spent in this place.
 D = Time resting spent in this place.
 E = Time spent auto-exploring this place.
 F = Levels seen in this place.
 G = Mean time per level.
                   A        B        C        D        E       F      G
               +--------+--------+--------+--------+--------+-----+--------+
         Total |   1459 |   1324 |    135 |      0 |   1071 |   3 |  486.3 |
       Dungeon |   1459 |   1324 |    135 |      0 |   1071 |   3 |  486.3 |
               +--------+--------+--------+--------+--------+-----+--------+

Top non-repeatable levels by time:
     D:1: 755 daAuts
     D:2: 539 daAuts
     D:3: 164 daAuts
